 Dungeon Crawl Stone Soup version 0.30.1-11-g7821555f0a (webtiles) character file.

Game seed: 4116303883919693692

1089 KittyFluff the Covered (level 8, 0/50 HPs)
             Began as a Gargoyle Berserker on Nov 6, 2023.
             Was a Priest of Trog.
             Slain by a gnoll
             ... wielding a +0 spear
              (2 damage)
             ... on level 5 of the Dungeon.
             The game lasted 00:16:39 (4741 turns).

KittyFluff the Covered (Gargoyle Berserker)         Turns: 4741, Time: 00:16:40

Health: 0/50       AC: 11    Str: 24    XL:     8   Next: 30%
Magic:  8/8        EV: 12    Int:  7    God:    Trog [***...]
Gold:   308        SH:  0    Dex:  9    Spells: 7/7 levels left

rFire   + . .        a - +0 mace
rCold   + . .        (no shield)
rNeg    + . .        y - +2 robe {rC+ rF+}
rPois   ∞            (no helmet)
rElec   +            o - +0 cloak
rCorr   .            (no gloves)
SInv    .            (no boots)
Will    .....        (no amulet)
Stlth   +            (no ring)
HPRegen 0.28/turn    (no ring)
MPRegen 0.11/turn

%: no passive effects
@: no status effects
A: sickness immunity, AC +5, negative energy resistance 1, electricity
resistance, torment resistance 1, petrification resistance
a: Renounce Religion, Berserk, Trog's Hand


You were on level 5 of the Dungeon.
You worshipped Trog.
Trog was most pleased with you.
You visited 1 branch of the dungeon, and saw 5 of its levels.

You collected 308 gold pieces.

Inventory:

Hand Weapons
 a - a +0 mace (weapon)
 h - a +0 sling
 t - a +0 quarterstaff
 x - a +0 morningstar
Missiles
 d - 6 curare-tipped darts
 f - 18 poisoned darts
 s - 6 boomerangs (quivered)
Armour
 g - a +0 leather armour
 o - a +0 cloak (worn)
 y - a +2 robe of resistance (worn)
Wands
 p - a wand of flame (29)
 w - a wand of charming (6)
Scrolls
 b - a scroll of torment {unknown}
 i - 3 scrolls of teleportation {unknown}
 k - a scroll of poison {unknown}
 l - 5 scrolls of identify {unknown}
 r - 4 scrolls of fear {unknown}
 v - a scroll of enchant weapon {unknown}
Potions
 c - a potion of flight {unknown}
 e - a potion of might
 j - 4 potions of lignification {unknown}
 m - 4 potions of magic {unknown}
 n - a potion of mutation {unknown}
 q - 2 potions of curing {unknown}
 u - a potion of heal wounds {unknown}


   Skills:
 + Level 5.4 Fighting
 * Level 6.2 Maces & Flails
 * Level 6.3 Armour
 + Level 3.4 Dodging


You had 7 spell levels left.
You didn't know any spells.
Your spell library was empty.

Dungeon Overview and Level Annotations

Branches:
Dungeon (5/15)             Temple (0/1) D:4

Altars:
Cheibriados
Gozag
Nemelex Xobeh
Trog
Uskayaw
Vehumet
Wu Jian
Zin
The Shining One

Annotations:
D:5 3 runed translucent doors, Esekla's ghost, novice DEWn; SirLogeyBear's ghost, novice HOBe; lonewolfV2's ghost, novice DsFi


Innate Abilities, Weirdness & Mutations

You are immune to sickness and miasma.
Your stone body is resilient. (AC +5)
You are immune to poison.
You resist negative energy. (rN+)
You are resistant to electric shocks. (rElec)
You are resistant to unholy torment.
You are immune to petrification.


Message History

The gnoll hits you but does no damage. The sleepcap barely misses you.
You hit the sleepcap.
You punch the sleepcap, but do no damage.
The sleepcap is moderately damaged.
The gnoll hits you but does no damage. The sleepcap completely misses you.
You hit the sleepcap but do no damage.
The sleepcap is moderately damaged.
The gnoll hits you from afar with a +0 spear.
The sleepcap releases spores at you.
* * * LOW HITPOINT WARNING * * *
You thump the sleepcap!
The sleepcap is heavily damaged.
The gnoll hits you from afar with a +0 spear.
* * * LOW HITPOINT WARNING * * *
The sleepcap closely misses you.
You sock the sleepcap!
You destroy the sleepcap!
Trog accepts your kill. The gnoll barely misses you.
The gnoll closely misses you.
Things that are here:
a +0 halberd; a gnoll corpse You hit the gnoll but do no damage.
The gnoll is lightly wounded.
The gnoll hits you with a +0 spear!
* * * LOW HITPOINT WARNING * * *
You hit the gnoll but do no damage.
The gnoll is lightly wounded.
The gnoll misses you. The gnoll hits you but does no damage.
You hit the gnoll but do no damage.
The gnoll is lightly wounded.
The gnoll misses you.
You barely miss the gnoll. The gnoll hits you with a +0 spear.
* * * LOW HITPOINT WARNING * * *
You closely miss the gnoll. The gnoll hits you with a +0 spear.
* * * LOW HITPOINT WARNING * * *
You hit the gnoll.
The gnoll is moderately wounded.
The gnoll hits you with a +0 spear.
You die...

#..###.###.# #....#.
#.#...## #.# #..####
##.##.#####.# #....#.
###...........####..#.#.
.....##.................
..$..##.#####.####..####
....................# .
.......g###PP..##.......
.....##@# #....##..####.
...# #)# #....P...# # ##
#.##♣....♣...# #
#.##..~~♣..♣.# #
#.....~~~~...#####
####P.♣~~~♣...)...
#.♣~~~♣~♣#.####
#..♣♣~~~...# #
#♣..♣♣~~.#.# #


You could see a gnoll.

Vanquished Creatures
  An ice beast (D:5)
  A black bear (D:3)
  An ogre (D:4)
  A scorpion (D:4)
  The ghost of Drain the Ogre Mage, a weakling OgHW (D:3)
  4 wights (D:4)
  4 hounds (D:5)
  An orc priest (D:4)
  A jelly (D:5)
  A sleepcap (D:5)
  Jessica (D:2)
  An iguana (D:5)
  An orc wizard (D:3)
  3 gnolls (D:5)
  11 adders
  A worm (D:3)
  6 dart slugs
  15 orcs
  7 ball pythons
  7 endoplasms
  2 giant cockroaches
  4 goblins (D:3)
  9 hobgoblins
  3 quokkas
  5 bats
  4 frilled lizards
  4 kobolds
  3 rats
103 creatures vanquished.

Notes
Turn   | Place    | Note
-------+----------+-------------------------------------------
     0 | D:1      | KittyFluff the Gargoyle Berserker began the quest for the
                  | Orb.
     0 | D:1      | Reached XP level 1. HP: 14/14 MP: 1/1
   253 | D:1      | Reached XP level 2. HP: 12/19 MP: 2/2
   888 | D:1      | Found a faded altar of an unknown god.
  1069 | D:2      | Reached XP level 3. HP: 19/23 MP: 3/3
  1518 | D:2      | Reached ** piety under Trog
  1588 | D:2      | Noticed Jessica
  1601 | D:2      | Killed Jessica
  1602 | D:2      | Reached XP level 4. HP: 19/29 MP: 4/4
  1741 | D:3      | Found a radiant altar of Vehumet.
  1992 | D:3      | Reached XP level 5. HP: 28/33 MP: 5/5
  2109 | D:3      | Noticed a black bear
  2121 | D:3      | HP: 2/49 [black bear (3)]
  2122 | D:3      | Killed a black bear
  2270 | D:3      | Found an opulent altar of Gozag.
  2381 | D:3      | Reached XP level 6. HP: 37/38 MP: 6/6
  2546 | D:3      | Reached *** piety under Trog
  2600 | D:3      | Found a runed translucent door.
  2601 | D:3      | Noticed Drain's ghost (weakling OgHW)
  2613 | D:3      | Killed Drain's ghost
  2673 | D:3      | Found a glowing silver altar of Zin.
  2688 | D:3      | Found a sparkling altar of Nemelex Xobeh.
  2688 | D:3      | Found an ornate altar of the Wu Jian Council.
  2689 | D:3      | Found a hide-covered altar of Uskayaw.
  2690 | D:3      | Found a snail-covered altar of Cheibriados.
  2691 | D:3      | Found a bloodstained altar of Trog.
  2696 | D:3      | Found a glowing golden altar of the Shining One.
  3225 | D:4      | Reached skill level 5 in Maces & Flails
  3225 | D:4      | Reached XP level 7. HP: 23/44 MP: 7/7
  3360 | D:4      | Found a staircase to the Ecumenical Temple.
  3618 | D:4      | Reached skill level 5 in Armour
  3798 | D:4      | HP: 3/66 [wight/+0 morningstar (5)]
  3972 | D:4      | Reached skill level 5 in Fighting
  4174 | D:5      | Entered Level 5 of the Dungeon
  4309 | D:5      | Reached XP level 8. HP: 43/49 MP: 8/8
  4590 | D:5      | Found a runed translucent gate.
  4590 | D:5      | Found a runed translucent gate.
  4591 | D:5      | Found a runed translucent gate.
  4594 | D:5      | Noticed SirLogeyBear's ghost (novice HOBe)
  4594 | D:5      | Noticed Esekla's ghost (novice DEWn)
  4594 | D:5      | Noticed lonewolfV2's ghost (novice DsFi)
  4740 | D:5      | HP: 2/50 [gnoll/+0 spear (4)]
  4741 | D:5      | Slain by a gnoll

Illustrated notes

Levels and vault maps discovered:
D:1:      nicolae_arrival_memento_mori, layout_basic,
          dreamdust_ecumenical_altar_angels_and_demons
D:2:      layout_basic, uniq_jessica
D:3:      layout_basic, minitemple,
          nicolae_gozag_cash_rules_everything_around_me, vehumet_altar_wand_db,
          nicolae_overflow_hidden_temple, gammafunk_ghost_grave,
          minmay_fractal_squares_5
D:4:      layout_cave_pods, minmay_temple_entry_wispy
D:5:      layout_loops_ring, gammafunk_ghost_cemetery, serial_bayou,
          serial_bayou_pond_d, serial_bayou_crossing, serial_bayou_pond_a,
          serial_bayou_lagoon_a

Skill      XL: |  1  2  3  4  5  6  7  8 |
---------------+-------------------------+-----
Armour         | 3 4 5 6 |  6.3
Dodging        | 2 3 |  3.4
Maces & Flails | 4 5 6 |  6.2
Fighting       | 4 5 |  5.4

Action                     |  1- 3 |  4- 6 |  7- 9 || total
---------------------------+-------+-------+-------++-------
  Melee: Mace              |    98 |   241 |   166 ||   505
         Punch             |     1 |     2 |     3 ||     6
 Invoke: Berserk           |       |     1 |     2 ||     3
 Armour: Animal skin       |    18 |       |       ||    18
         Leather armour    |    15 |   141 |    13 ||   169
         Robe              |       |       |    41 ||    41
  Dodge: Dodged            |    71 |   191 |   103 ||   365
